Map: King's Cove LE

Players

農會理事長

  • Race: Zerg Zerg
  • League: Diamond
  • Spawn Location: 5:00

llllllllllll - Winner!

  • Race: Zerg Zerg
  • League: Diamond
  • Spawn Location: 11:00

VOD

Have the link to the VOD?

Description

Time

  • Played on: April 25, 2025, 9:55 a.m.
  • Length: 3:58
Show
View Real Time Build Order
Export as new Build Order

農會理事長 Zerg 

Build Orders: Hatch First 

Get SALT Encoding   

  12  0:00  Drone  
  13  0:12  Overlord  
  13  0:17  Drone  
  14  0:31  Drone x2  
  16  0:50  Hatchery  
  16  0:52  Drone  
  16  0:54  Drone  
  17  0:57  Drone  
  18  1:08  Extractor  
  17  1:14  Spawning Pool  
  17  1:16  Drone  
  17  1:20  Drone  
  18  1:29  Drone  
  19  1:38  Drone  
  20  1:50  Drone  
  21  2:02  Drone x2, Queen x2  
  27  2:17  Hatchery  
  26  2:27  Metabolic Boost, Evolution Chamber  
  25  2:32  Drone  
  25  2:33  Drone  
  27  2:38  Overlord  
  27  2:43  Drone  
  28  3:00  Drone x2  
  28  3:03  Overlord  
  30  3:07  Drone  
  30  3:08  Drone x2  
  30  3:12  Zergling x4  
  35  3:15  Zergling x2  
  36  3:24  Zergling x2  
  37  3:27  Zergling x4  
  37  3:28  Zergling x2  
  37  3:32  Zergling x2  
  28  3:36  Zergling x2  
  28  3:41  Zergling x2  
Show
View Real Time Build Order
Export as new Build Order

llllllllllll Zerg - Winner!

Build Orders: Hatch First 

Get SALT Encoding   

  12  0:00  Drone  
  13  0:08  Drone  
  14  0:14  Extractor  
  14  0:16  Drone  
  15  0:37  Hatchery  
  15  0:40  Extractor  
  15  0:42  Drone  
  14  0:59  Spawning Pool  
  14  1:04  Drone  
  14  1:13  Overlord  
  14  1:46  Metabolic Boost  
  14  1:49  Zergling x2, Queen  
  14  1:51  Zergling x2  
  18  1:56  Zergling x2  
  18  2:01  Zergling x2  
  20  2:05  Zergling x2  
  21  2:10  Zergling x2  
  22  2:17  Zergling x2  
  22  2:20  Zergling x2  
  24  2:25  Zergling x2  
  25  2:34  Overlord  
  25  2:39  Zergling x2  
  26  2:44  Zergling x2  
  27  2:53  Zergling x2  
  27  2:54  Zergling x2  
  29  2:59  Zergling x2  
  29  3:04  Zergling x2  
  31  3:08  Zergling x2  
  32  3:13  Zergling x2  
  33  3:28  Zergling x4  
  33  3:29  Zergling x2  
  33  3:32  Zergling x2  
  34  3:38  Zergling x2  
Tags
 
Add a new tag
Caveats
  • Supply blocks, unpowered buildings, or Contaminate may cause inaccurate times.
  • Supply counts are checked every 10 seconds.